 Dungeon Crawl Stone Soup version 0.24.0-123-gd5b16e6ec5 (webtiles) character file.

Game seed: 407057553546174949, levelgen mode: deterministic

48 Gruesph the Slasher (level 3, 29/29 HPs)
             Began as a Barachi Fighter on Jan 15, 2020.
             Was a Follower of Kikubaaqudgha.
             Quit the game on level 2 of the Dungeon.
             The game lasted 00:04:55 (1328 turns).

Gruesph the Slasher (Barachi Fighter)               Turns: 1328, Time: 00:04:56

Health: 29/29      AC:  6    Str: 18    XL:     3   Next: 72%
Magic:  3/3        EV:  7    Int:  8    God:    Kikubaaqudgha [*.....]
Gold:   77         SH:  9    Dex: 11    Spells: 2/2 levels left

rFire    . . .     SeeInvis .   a - +0 long sword
rCold    . . .     Gourm    .   c - +0 shield
rNeg     . . .     Faith    .   b - +0 scale mail
rPois    .         Spirit   .   (no helmet)
rElec    .         Reflect  .   (no cloak)
rCorr    .         Harm     .   (no gloves)
MR       .....                  (no boots)
Stlth    ..........             (no amulet)
HPRegen  0.09/turn              (no ring)
MPRegen  0.08/turn              (no ring)

@: slow
A: +LOS, swims, slowness 1, strong legs 1
a: Hop, Receive Corpses, Renounce Religion


You were on level 2 of the Dungeon.
You worshipped Kikubaaqudgha.
Kikubaaqudgha was aware of your devotion.
You were not hungry.

You visited 1 branch of the dungeon, and saw 2 of its levels.

You collected 77 gold pieces.

Inventory:

Hand Weapons
 a - a +0 long sword (weapon)
Missiles
 e - 87 stones (quivered)
Armour
 b - a +0 scale mail (worn)
 c - a +0 shield (worn)
Jewellery
 m - an uncursed ring of resist corrosion {unknown}
Scrolls
 g - a scroll of identify {unknown}
 h - 2 scrolls of teleportation {unknown}
 j - a scroll of blinking {unknown}
 k - a scroll of enchant armour {unknown}
Potions
 d - a potion of might
 i - 2 potions of heal wounds {unknown}
 l - a potion of curing {unknown}
Comestibles
 f - 3 rations


   Skills:
 - Level 3.6 Fighting
 + Level 4.8 Long Blades
 - Level 3.6 Armour
 - Level 3.2 Shields


You had 2 spell levels left.
You didn't know any spells.
Your spell library contained the following spells:

 Spells                   Type           Power        Failure   Level  Hunger
 Pain                     Necr           #...         99%         1    ##.....
 Corpse Rot               Necr           N/A          100%        2    ###....
 Sublimation of Blood     Necr           #.........   100%        2    ###....
 Regeneration             Chrm/Necr      #.........   100%        3    ####...


Dungeon Overview and Level Annotations

Branches:
Dungeon (2/15)

Altars:
Kikubaaqudgha


Innate Abilities, Weirdness & Mutations

Shadows flee at your approach. (+LOS)
You can swim through water.
You cover ground slowly.
You can hop short distances.


Message History

You barely miss the hobgoblin. The hobgoblin hits you with a +0 club.
You hit the hobgoblin.
You kill the hobgoblin!
No target in view!
You see here a +0 club.
Found a faded altar of an unknown god.
Found 12 gold pieces.
All of the chunks of flesh in your inventory have rotted away.
There is a faded altar of an unknown god here.
You cannot tell which god this altar belongs to.
Convert to them anyway?
Kikubaaqudgha accepts your prayer! Kikubaaqudgha welcomes you!
You can now receive cadavers from Kikubaaqudgha.
You see here Kikubaaqudgha's Almanac of Unholy Rites.
Kikubaaqudgha grants you a gift!
You pick up Kikubaaqudgha's Almanac of Unholy Rites and begin reading...
You add the spells Pain, Corpse Rot, Sublimation of Blood and Regeneration to your library.
Unknown command.
Press < or > to pray at altars.
Are you sure you want to abandon this character and quit the game? (Confirm with "yes".)

######### #.......##
#........# #!...#...#
#...#.#..# # #..#.@.#
############...#.#..#
................#......
#.....##.................
#.##..##.##.#####...$#...
#.##...#.##.# ##### ..
..##.#.#.##.# #
####.#...##.# #.##..##.#


There were no monsters in sight!

Vanquished Creatures
  A leopard gecko (D:1)
  3 orcs (D:2)
  7 bats
  A giant cockroach (D:1)
  10 goblins
  6 hobgoblins
  3 kobolds (D:1)
  3 frilled lizards
  3 rats (D:1)
37 creatures vanquished.

Notes
Turn   | Place    | Note
-------+----------+-------------------------------------------
     0 | D:1      | Gruesph the Barachi Fighter began the quest for the Orb.
     0 | D:1      | Reached XP level 1. HP: 18/18 MP: 1/1
    54 | D:1      | Reached skill level 3 in Long Blades
   242 | D:1      | Reached XP level 2. HP: 24/24 MP: 2/2
   436 | D:1      | Reached skill level 4 in Long Blades
   477 | D:1      | Reached XP level 3. HP: 28/29 MP: 3/3
  1320 | D:2      | Found a faded altar of an unknown god.
  1326 | D:2      | Became a worshipper of Kikubaaqudgha
  1326 | D:2      | Reached * piety under Kikubaaqudgha
  1326 | D:2      | Identified Kikubaaqudgha's Almanac of Unholy Rites
                  | (Kikubaaqudgha gifted it to you on level 2 of the Dungeon)
  1326 | D:2      | Received a gift from Kikubaaqudgha
  1328 | D:2      | Quit the game

Levels and vault maps discovered:
D:1:      zaba_arrival_water, layout_basic
D:2:      lemuel_upstairs_altar, layout_basic,
          chequers_ecumenical_altar_simple_redux, guppyfry_early_orc_mine

Skill      XL: |  1  2 |
---------------+-------+-----
Long Blades    | 3 4 |  4.8
Fighting       | |  3.6
Armour         | |  3.6
Shields        | |  3.2

Action                   || total
-------------------------++-------
Melee: Long sword        ||   113
Throw: Stone             ||     4
  Eat: Chunk             ||     2
Armor: Scale mail        ||    50
Dodge: Dodged            ||    33
Block: Shield            ||    56
       Rpst.: Long sword ||     9
